Map: Lost and Found LE

Players

SoLidBoss - Winner!

  • Race: Protoss Protoss
  • League: Master
  • Spawn Location: 1:00

KingTrue

  • Race: Terran Terran
  • League: Diamond
  • Spawn Location: 7:00

VOD

Have the link to the VOD?

Description

Time

  • Played on: July 20, 2018, 7:56 p.m.
  • Length: 18:00
Show
View Real Time Build Order
Export as new Build Order

SoLidBoss Protoss - Winner!

Build Orders: 1 Gate Expand, Oracle Opening, Phoenix Opening, Zealot Archon 

Get SALT Encoding   

  12  0:01  Probe  
  13  0:13  Probe  
  14  0:21  Pylon  
  14  0:25  Probe  
  15  0:36  Probe  
  15  0:42  Gateway  
  16  0:44  Probe  
  16  0:45  Assimilator  
  17  0:54  Probe  
  18  1:06  Probe  
  19  1:20  Probe  
  20  1:27  Nexus  
  20  1:38  Cybernetics Core  
  20  1:52  Probe  
  21  1:56  Pylon  
  21  2:01  Assimilator  
  21  2:04  Probe  
  21  2:08  Adept  
  22  2:19  Warp Gate  
  22  2:20  Stargate  
  24  2:28  Probe  
  25  2:34  Adept  
  26  2:46  Probe x2  
  28  2:56  Oracle  
  28  2:57  Gateway x2  
  31  3:20  Shield Battery  
  31  3:25  Phoenix  
  31  3:45  Probe  
  31  3:46  Adept x2  
  36  3:51  Probe  
  37  3:57  Probe  
  38  4:04  Shield Battery, Probe  
  38  4:07  Phoenix  
  38  4:09  Probe  
  40  4:16  Probe  
  43  4:27  Probe  
  43  4:28  Probe  
  43  4:31  Pylon  
  45  4:35  Pylon  
  45  4:44  Phoenix  
  43  4:58  Probe x2  
  42  5:08  Adept x3, Probe  
  42  5:10  Probe  
  42  5:12  Assimilator  
  42  5:13  Assimilator  
  50  5:14  Phoenix  
  50  5:16  Probe  
  51  5:22  Probe  
  54  5:36  Pylon  
  54  5:38  Pylon  
  54  5:41  Pylon  
  54  5:51  Pylon  
  54  5:54  Probe x2  
  54  5:56  Twilight Council  
  56  6:04  Robotics Facility  
  56  6:06  Probe  
  57  6:13  Charge  
  57  6:16  Probe  
  59  6:18  Probe  
  59  6:28  Nexus  
  59  6:32  Probe  
  60  6:42  Templar Archives, Gateway  
  60  6:43  Probe  
  61  6:47  Probe  
  61  6:51  Probe  
  61  6:52  Observer  
  63  6:55  Gateway  
  63  6:58  Forge  
  63  7:00  Probe x2  
  66  7:12  Pylon, Probe  
  67  7:18  Probe  
  67  7:20  Protoss Ground Weapons Level 1  
  67  7:22  Immortal  
  70  7:25  Pylon  
  70  7:29  High Templar x2  
  74  7:30  Zealot  
  74  7:33  Archon  
  76  7:41  Gateway  
  76  7:42  Gateway  
  76  7:50  Probe  
  76  7:51  Probe  
  78  7:52  Probe  
  79  8:02  Pylon, Probe  
  79  8:03  Probe  
  79  8:04  High Templar  
  79  8:05  Zealot x4  
  91  8:09  Psionic Storm  
  91  8:14  Probe  
  92  8:28  Zealot  
  92  8:29  Zealot x3  
  92  8:32  Immortal  
  100  8:37  Zealot  
  102  8:43  Probe  
  102  8:44  Probe x2  
  109  8:50  High Templar  
  109  8:51  Zealot x3  
  117  8:56  High Templar  
  116  9:04  Archon  
  79  9:23  Zealot x3  
  79  9:24  Zealot x3  
  77  9:31  Stalker  
  77  9:33  Probe  
  77  9:34  Probe x2  
  82  9:48  Probe  
  82  9:49  Probe x2  
  82  9:51  Assimilator x2  
  85  9:53  High Templar  
  85  9:54  High Templar  
  85  9:55  Zealot x4  
  85  9:57  Phoenix  
  97  10:01  Probe  
  97  10:05  Pylon  
  100  10:08  Warp Prism, Probe x2  
  100  10:11  Protoss Ground Armor Level 1  
  100  10:12  Pylon  
  104  10:25  Pylon  
  104  10:26  High Templar  
  106  10:35  Nexus  
  106  10:43  Robotics Bay  
  106  10:45  High Templar  
  108  10:52  Zealot x2  
  108  10:53  Zealot x2  
  115  10:58  Probe  
  116  11:20  Photon Cannon  
  116  11:21  Shield Battery, Photon Cannon  
  116  11:24  Pylon  
  102  11:30  Extended Thermal Lance  
  102  11:32  Colossus, Probe  
  100  11:35  Probe x2  
  100  11:39  Archon  
  103  11:40  Probe  
  103  11:43  Adept x3  
  116  11:47  Probe x2  
  116  12:02  Protoss Ground Weapons Level 2  
  116  12:04  Zealot x5  
  116  12:05  Zealot x2  
  120  12:20  Colossus  
  100  12:52  Archon  
  100  12:55  Probe  
  101  12:59  Probe x3  
  104  13:07  Warp Prism, Probe  
  105  13:13  Stalker  
  105  13:14  Stalker x5  
  105  13:15  Stalker  
  121  13:42  Colossus  
  127  15:16  Stalker x4  
  127  15:17  Stalker x3  
  127  15:18  Protoss Ground Weapons Level 3  
  127  15:20  Phoenix  
  143  15:44  Phoenix  
  145  16:09  Phoenix  
  147  16:34  Phoenix  
  149  16:59  Phoenix  
Show
View Real Time Build Order
Export as new Build Order

KingTrue Terran 

Build Orders: 1/1/1, Cyclone Opening, MMM Bio 

Get SALT Encoding   

  12  0:01  SCV  
  13  0:13  SCV  
  14  0:17  Supply Depot  
  14  0:25  SCV  
  15  0:29  Refinery  
  15  0:39  SCV  
  16  0:45  Barracks  
  16  0:51  SCV  
  16  0:56  Refinery  
  17  1:03  SCV  
  18  1:18  SCV  
  20  1:32  Reaper  
  20  1:36  Factory  
  20  1:38  Orbital Command  
  20  1:54  Supply Depot  
  20  2:04  SCV, Reaper  
  22  2:16  SCV  
  22  2:20  Cyclone  
  26  2:26  Starport  
  26  2:37  Barracks Reactor  
  26  2:44  SCV  
  26  2:47  Supply Depot  
  27  2:52  Cyclone  
  27  2:58  Supply Depot  
  30  3:00  SCV  
  30  3:01  Liberator  
  31  3:12  SCV  
  35  3:20  Marine x2  
  35  3:24  SCV  
  38  3:38  Marine  
  39  3:44  Marine  
  39  3:47  Cyclone  
  38  3:49  SCV  
  39  3:55  Marine  
  40  4:04  Engineering Bay, Command Center  
  40  4:11  SCV  
  41  4:24  Marine x2  
  41  4:28  Barracks  
  41  4:29  Barracks  
  43  4:31  Missile Turret  
  39  4:46  Marine x2  
  41  4:58  Terran Infantry Weapons Level 1  
  41  5:00  Engineering Bay  
  41  5:03  Marine  
  41  5:05  Factory Reactor  
  41  5:06  Starport Reactor  
  42  5:12  Marine  
  40  5:16  Barracks Reactor, Barracks Tech Lab  
  40  5:19  Missile Turret  
  40  5:25  Missile Turret  
  40  5:30  Marine x2  
  40  5:33  SCV  
  43  5:43  Orbital Command  
  43  5:48  Marauder  
  45  5:52  Stimpack  
  45  5:56  Marine x2  
  47  5:57  Marine  
  47  6:00  Marine  
  47  6:03  SCV  
  50  6:06  Widow Mine  
  50  6:07  Widow Mine  
  50  6:11  Marine  
  55  6:13  Marine  
  56  6:18  Terran Infantry Armor Level 1  
  56  6:19  Supply Depot  
  56  6:21  SCV  
  56  6:22  SCV  
  56  6:23  Marine  
  56  6:24  Marine  
  60  6:30  Supply Depot  
  60  6:37  Medivac  
  62  6:40  SCV, Medivac, Widow Mine x2  
  62  6:43  Supply Depot  
  62  6:45  SCV  
  70  6:49  Refinery  
  70  6:55  SCV  
  70  6:57  SCV  
  70  6:58  Armory  
  70  7:00  Marine x2  
  74  7:03  Marine  
  74  7:04  Marine  
  74  7:07  Widow Mine  
  78  7:10  Liberator  
  78  7:14  Marine  
  79  7:17  Marine  
  79  7:18  Marine, Liberator  
  81  7:23  SCV  
  81  7:24  Supply Depot  
  85  7:36  Widow Mine  
  90  7:37  Marine x3  
  90  7:38  Marine  
  90  7:39  Marine  
  90  7:42  Widow Mine  
  97  7:47  SCV  
  97  7:50  SCV, Refinery  
  99  7:56  Marine x2  
  99  7:57  Marine  
  102  8:00  Combat Shields  
  102  8:03  Marine  
  103  8:06  Marine  
  103  8:11  SCV x2  
  106  8:21  Supply Depot  
  106  8:22  Supply Depot  
  106  8:30  Marine x3  
  106  8:32  Marine  
  110  8:42  Marine  
  110  8:43  SCV  
  110  8:47  Terran Infantry Weapons Level 2  
  110  8:48  Marine x3  
  113  8:50  SCV  
  116  8:58  Marine  
  116  9:00  Marine  
  84  9:20  Marine x3  
  84  9:23  Marine x2  
  71  9:28  Medivac x2, Widow Mine x2  
  71  9:30  SCV x2  
  75  9:38  Marine x3  
  75  9:40  Marine  
  75  9:42  SCV  
  75  9:43  Concussive Shells  
  77  9:47  Ghost Academy  
  77  9:50  Command Center  
  77  9:59  SCV x2  
  79  10:01  Widow Mine x2  
  79  10:02  Marauder  
  79  10:04  Medivac  
  87  10:08  Marine x2  
  87  10:11  SCV  
  87  10:13  Terran Infantry Armor Level 2  
  90  10:19  SCV  
  90  10:20  Supply Depot  
  91  10:26  Marauder  
  91  10:27  Medivac  
  95  10:33  Medivac, Marine x2  
  99  10:37  Marine  
  99  10:38  Widow Mine  
  99  10:40  Widow Mine  
  104  10:45  Marine  
  104  10:47  Marauder  
  107  10:51  Marine x2  
  107  10:52  SCV x2  
  107  10:55  Marine  
  112  11:03  Marine  
  113  11:07  Missile Turret  
  113  11:08  Marine  
  113  11:09  Marine x2  
  75  11:33  Marine x3  
  75  11:36  Marine x2  
  75  11:39  Widow Mine x2  
  78  11:47  Barracks  
  78  11:48  Barracks  
  78  11:50  Marine x2  
  78  11:51  SCV x2, Marine  
  78  11:52  Starport  
  78  11:53  Orbital Command  
  78  11:54  Starport  
  82  11:59  Marine x2  
  82  12:01  Widow Mine x2  
  74  12:08  Marine x3  
  73  12:17  Marine x2  
  70  12:26  Marine x3  
  55  12:35  Marine x2  
  46  12:44  Marine x3  
  22  12:52  Marine  
  22  12:53  Marine  
  18  13:02  Marine x3  
  18  13:10  Marine  
  18  13:11  Marine  
  16  13:20  Marine  
    15:40  Orbital Command  
    16:08  Orbital Command  
    17:20  SCV  
  1  17:32  SCV  
Tags
 
Add a new tag
Caveats
  • Supply blocks, unpowered buildings, or Contaminate may cause inaccurate times.
  • Supply counts are checked every 10 seconds.